 Dungeon Crawl Stone Soup version 0.14-a0-2691-g997c442 (webtiles) character file.

55 Psiweapon the Ruffian (level 3, -1/23 HPs)
             Began as a Gargoyle Monk on Feb 18, 2014.
             Killed from afar by an orc wizard (2 damage)
             ... with a magic dart
             ... on Level 4 of the Dungeon.
             The game lasted 00:02:35 (689 turns).

Psiweapon the Ruffian (Gargoyle Monk)                Turns: 689, Time: 00:02:36

HP  -1/23        AC  6     Str 15      XL: 3   Next: 41%
MP   3/3         EV 12     Int 10      God:
Gold 18          SH  0     Dex 12      Spells:  0 memorised,  2 levels left

rFire  . . .     SeeInvis .       - Unarmed
rCold  . . .     Clarity  .     a - +0 robe
rNeg   + . .     Conserve .     (no shield)
rPois  +         rCorr    .     n - +0 helmet
rElec  +         rRot     +     (no cloak)
SustAb . .       Spirit   .     (no gloves)
rMut   .         Warding  .     (no boots)
Saprov . . .     Stasis   .     (no amulet)
MR     .....                    (no ring)
                                (no ring)

@: not resistant to hostile enchantments, fairly stealthy
A: life protection 1, electricity resistance, unbreathing, petrification
resistance, AC +3
a: no special abilities


You were on level 4 of the Dungeon.
You were not hungry.

You visited 1 branch of the dungeon, and saw 4 of its levels.

You collected 18 gold pieces.

Inventory:

Hand weapons
 c - a +0,+2 dagger of venom
 i - a +1,+2 orcish dagger of venom
Armour
 a - a +0 robe (worn)
 n - a +0 helmet (worn)
Magical devices
 p - a wand of fire (0)
Comestibles
 b - a bread ration
 k - 2 rotting chunks of quokka flesh
 m - a meat ration
Scrolls
 f - a scroll of identify {unknown}
 h - a scroll of enchant weapon I {unknown}
 j - a scroll of teleportation {unknown}
 l - a scroll of fog {unknown}
Potions
 d - a potion of invisibility {unknown}
 e - a potion of curing {unknown}
 g - a potion of might {unknown}
 o - a potion of brilliance {unknown}
 q - a potion of resistance {unknown}


   Skills:
 + Level 3.6 Fighting
 + Level 2.7 Dodging
 + Level 2.4 Stealth
 + Level 5.0 Unarmed Combat


You had 2 spell levels left.
You didn't know any spells.

Dungeon Overview and Level Annotations

Branches:
Dungeon (4/16)
 Temple: D:4-7

Altars:
Elyvilon


Innate Abilities, Weirdness & Mutations

You are resistant to torment.
You are immune to poison.
Your stone body is very resilient (AC +3).
You resist negative energy.
You are resistant to electric shocks.
You can survive without breathing.
You are immune to petrification.


Message History

The orc wizard is moderately wounded.
The orc hits you but does no damage.
The orc wizard hits you but does no damage.
The orc hits you but does no damage.
You hit the orc wizard but do no damage.
The orc wizard is moderately wounded.
The orc hits you with an orcish hand axe.
The orc wizard points at you and mumbles some strange words.
The magic dart hits you!
* * * LOW HITPOINT WARNING * * *
The orc hits you but does no damage.
The orc hits you with an orcish hand axe.
* * * LOW HITPOINT WARNING * * *
You punch the orc wizard!
The orc wizard is severely wounded.
The orc wizard barely misses you. The orc closely misses you.
The worm bites you but does no damage. The orc closely misses you.
The orc wizard casts a spell at you. The magic dart hits you!
You die...

... .........
.>.........
#...!........
#............#
#............#
#...<........#
#....ooo.....+
#....o@w[....#
#............#
#######'###### #..#
##.# ##### #####.###
#.... #.......#
#.... #.......#
#....
#.......########....


You could see a worm, an orc wizard and 3 orcs.

Vanquished Creatures
  An orc wizard (D:4)
  3 orcs (D:4)
  A giant cockroach (D:4)
  A hobgoblin (D:2)
  A quokka (D:4)
  A bat (D:2)
  A goblin (D:4)
  2 kobolds (D:2)
  A rat (D:4)
12 creatures vanquished.

Notes
Turn   | Place    | Note
--------------------------------------------------------------
     0 | D:1      | Psiweapon, the Gargoyle Monk, began the quest for the Orb.
     0 | D:1      | Reached XP level 1. HP: 14/14 MP: 1/1
   234 | D:4      | Reached XP level 2. HP: 14/19 MP: 2/2
   550 | D:4      | Found a white marble altar of Elyvilon.
   550 | D:4      | Noticed an angel
   630 | D:4      | Noticed an orc wizard
   631 | D:4      | Noticed an orc priest
   631 | D:4      | Killed an orc wizard
   631 | D:4      | Reached skill level 5 in Unarmed Combat
   631 | D:4      | Reached XP level 3. HP: 23/23 MP: 3/3
   681 | D:4      | Noticed an orc wizard
   688 | D:4      | HP: 1/23 [orc/orcish hand axe (3)]
   689 | D:4      | Killed from afar by an orc wizard

Action                   || total
-------------------------++-------
Melee: Unarmed           ||    41
Evoke: Wand              ||     1
 Stab: Sleeping          ||     1
